Login

Chiefs vs Gladiators

Created - December 24, 2023 at 12:03

Goals
1 2 3 T
Chiefs 1 0 1 2
Gladiators 0 0 1 1
Shots
1 2 3 T
Chiefs 18 8 12 38
Gladiators 8 7 18 33

GoalsPenalties
1st period
1. Chiefs , Jake DeBrusk 7 (Brad Marchand 6, Marc-Edouard Vlasic 8) at 10:36
Reilly Smith (GLA) for Hooking (Minor) at 16:13
2nd period
No Goal
Ivan Provorov (GLA) for Interference (Minor) at 1:20
Travis Konecny (ATH) for Hooking (Minor) at 11:58
Anthony Cirelli (ATH) for Interference (Minor) at 18:52
3rd period
2. Gladiators , T.J. Oshie 5 (Nick Schmaltz 6) at 10:16
3. Chiefs , Reilly Smith 7 (Frank Vatrano 6, Casey Cizikas 6) at 10:42
Geoff Copses (ATH) for Fighting (Major) at 6:39
Dave Hunt (GLA) for Fighting (Major) at 6:39
Marc-Edouard Vlasic (GLA) for High sticking (Minor) at 12:45
Goalie Stats
Stuart Skinner (GLA), 32 saves from 33 shots - (0.970), W, 17-5-3, 60:00 minutes
Jake Oettinger (ATH), 36 saves from 38 shots - (0.947), L, 14-8-3, 58:38 minutes
3 StarsOfficial
1 - Stuart Skinner (GLA)
2 - Jake Oettinger (ATH)
3 - Reilly Smith (GLA)
Referees : Unknown
Linesman : Unknown
Game Note
Geoff Copses and Dave Hunt fight to a draw at 6:39 of 3rd period
Finance
Level 1 -- Attendance: 5034 (83.90%) -- Ticket Income $503,400
Level 2 -- Attendance: 3652 (73.04%) -- Ticket Income $219,120
Level 3 -- Attendance: 1536 (76.80%) -- Ticket Income $53,760
Level 4 -- Attendance: 2986 (74.65%) -- Ticket Income $74,650
Luxury Box -- Attendance: 992 (99.20%) -- Ticket Income $198,400
Game was played at the Delphi Stadium.
Total Attendance: 14200 (78.89%)
Total Ticket Income: $1,049,330
Other Income: $419,732
Total Income: $1,469,062



Team Name Goals Shots Shots Attemp Shots Blocked PIM HIT PP PK FO%
Chiefs 238711311190 / 2 (0%)067%
Gladiators 13366139210 / 3 (0%)033%

Chiefs
Player Name POS G A P +/- PIM HIT SHT SB MP PP MP PP SHT PK MP PK SHT FO% FOT GA TA
Brad MarchandLW0110044118:240:3402:0600% 100
Brandon DavidsonD0001000018:110:0003:1800% 000
Casey CizikasC0111020113:510:0000:00075% 1610
Curtis LazarC/RW000000007:100:0000:0000% 000
Dave HuntLW/RW0000514117:323:2422:31033% 300
Frank VatranoLW/RW0111004013:510:0000:0000% 020
Ivan ProvorovD0000220225:521:4702:3700% 001
Jake DeBruskLW/RW1010014116:160:3400:0000% 010
Jake MuzzinD000-1000215:000:0000:0000% 000
Jesse PuljujarviRW000000013:320:0000:0000% 100
Jordan EberleRW000000107:360:0000:2500% 000
Leon DraisaitlC/LW0000019125:293:2403:26072% 2900
Marc-Edouard VlasicD0111201024:553:2902:1600% 002
Max DomiC/LW/RW0000033016:160:3400:00069% 1300
Miro HeiskanenD0000001018:142:1102:1900% 001
Reilly SmithRW1011244013:520:0000:0000% 131
Ryan Nugent-HopkinsC/LW0000013020:093:2403:26050% 200
Vincent DesharnaisD0001000317:490:2901:2400% 000
Gladiators
Player Name POS G A P +/- PIM HIT SHT SB MP PP MP PP SHT PK MP PK SHT FO% FOT GA TA
Alec MartinezD0001002220:033:1802:0400% 000
Alex TuchLW/RW0000001116:523:2300:0000% 200
Anthony CirelliC/RW0000212111:180:0001:34017% 1200
Colton SissonsC/LW/RW0000040014:080:0000:0000% 102
Evan RodriguesC/LW/RW0000002012:180:0002:5500% 102
Geoff CopsesD000-1522324:022:3911:5400% 010
Jaccob SlavinD0001022225:592:3901:5400% 010
Jake GuentzelLW/RW000-1002014:292:3410:00050% 200
Nick SchmaltzC/LW/RW0110002014:150:0000:00022% 910
Nico HischierC000-1000013:152:3400:00050% 1410
Ryan JohansenC/RW000001119:230:0000:0000% 000
Ryan SuterD0000030018:553:1802:0400% 001
Sam ReinhartC/RW0000016019:073:2300:39044% 1801
Samuel GirardD000-1011015:540:0000:0000% 000
Shea TheodoreD000-2010115:060:0000:0000% 000
T.J. OshieC/RW1010046016:410:0001:45025% 400
Travis KonecnyLW/RW000-1200014:383:2300:00050% 201
Zach HymanLW/RW0000014219:362:3401:0300% 110

Chiefs

5 vs 5 Forward
Line #Left WingCenterRight WingPHYDFOFWanted %Time %Time Play
1Ryan Nugent-HopkinsLeon DraisaitlDave Hunt1223025%12:07
2Brad MarchandMax DomiJake DeBrusk1222832%15:44
3Frank VatranoCasey CizikasReilly Smith1222628%13:51
4Curtis LazarLeon DraisaitlJordan Eberle1221615%7:10
5 vs 5 Defense
Line #DefenseDefensePHYDFOFWanted %Time %Time Play
1Jake MuzzinIvan Provorov1223031%15:02
2Marc-Edouard VlasicMiro Heiskanen1222828%13:44
3Vincent DesharnaisBrandon Davidson1222627%13:26
4Marc-Edouard VlasicIvan Provorov1221614%6:40
Power Play Forward
Line #Left WingCenterRight WingPHYDFOFWanted %Time %Time Play
1Ryan Nugent-HopkinsLeon DraisaitlDave Hunt1225586%3:24
2Brad MarchandMax DomiJake DeBrusk1224514%0:34
Power Play Defense
Line #DefenseDefensePHYDFOFWanted %Time %Time Play
1Marc-Edouard VlasicIvan Provorov1225545%1:47
2Marc-Edouard VlasicMiro Heiskanen1224555%2:11
Penalty Kill 4 Players Forward
Line #CenterWingPHYDFOFWanted %Time %Time Play
1Leon DraisaitlRyan Nugent-Hopkins1225565%3:51
2Dave HuntBrad Marchand1224535%2:06
Penalty Kill 4 Players Defense
Line #DefenseDefensePHYDFOFWanted %Time %Time Play
1Marc-Edouard VlasicIvan Provorov1225567%4:00
2Marc-Edouard VlasicMiro Heiskanen1224533%1:57
Penalty Kill 3 Players
Line #WingPHYDFOFWanted %Time %Time PlayDefenseDefensePHYDFOFWanted %Time %Time Play
1Leon Draisaitl122550%0:00 Marc-Edouard VlasicIvan Provorov122550%0:00
2Ryan Nugent-Hopkins122450%0:00 Marc-Edouard VlasicMiro Heiskanen122450%0:00
4 vs 4 Forward
Line #CenterWingPHYDFOFWanted %Time %Time Play
1Leon DraisaitlRyan Nugent-Hopkins122550%0:00
2Dave HuntBrad Marchand122450%0:00
4 vs 4 Defense
Line #DefensePHYDFOFWanted %Time %Time Play
1Marc-Edouard VlasicIvan Provorov122550%0:00
2Marc-Edouard VlasicMiro Heiskanen122450%0:00
Last Minutes Offensive
Left WingCenterRight WingDefenseDefense
Ryan Nugent-HopkinsLeon DraisaitlDave HuntJake MuzzinIvan Provorov
Last Minutes Defensive
Left WingCenterRight WingDefenseDefense
Ryan Nugent-HopkinsLeon DraisaitlDave HuntJake MuzzinIvan Provorov
Time
Total ForwardTotal DefenseLast Minutes OffensiveLast Minutes Defensive
60:00 60:00 0:001:13
Extra Forwards
Normal PowerPlayPenalty Kill
Jesse Puljujarvi, Reilly Smith, Jordan EberleJesse Puljujarvi, Reilly SmithJordan Eberle
Extra Defensemen
Normal PowerPlayPenalty Kill
Vincent Desharnais, Brandon Davidson, Marc-Edouard VlasicVincent Desharnais, Brandon DavidsonMarc-Edouard Vlasic
Penalty Shots
Leon Draisaitl, Ryan Nugent-Hopkins, Dave Hunt, Brad Marchand, Jake DeBrusk
Goalie
Stuart Skinner, Cam Talbot
Custom OT Lines Forwards
Leon Draisaitl, Ryan Nugent-Hopkins, Dave Hunt, Brad Marchand, Jake DeBrusk, Max Domi, Reilly Smith, Jordan Eberle, Casey Cizikas, Frank Vatrano
Custom OT Lines Defensemen
Jake Muzzin, Ivan Provorov, Marc-Edouard Vlasic, Miro Heiskanen, Vincent Desharnais
Scratches
Josh Bailey (Healthy), Drew Doughty (Healthy)

Gladiators

5 vs 5 Forward
Line #Left WingCenterRight WingPHYDFOFWanted %Time %Time Play
1Alex TuchSam ReinhartZach Hyman1223028%13:51
2Travis KonecnyNico HischierJake Guentzel1222824%11:42
3Colton SissonsNick SchmaltzT.J. Oshie1222628%13:55
4Evan RodriguesAnthony CirelliRyan Johansen1221619%9:23
5 vs 5 Defense
Line #DefenseDefensePHYDFOFWanted %Time %Time Play
1Geoff CopsesShea Theodore1223031%15:07
2Alec MartinezJaccob Slavin1222827%13:25
3Samuel GirardRyan Suter1222627%13:10
4Geoff CopsesJaccob Slavin1221615%7:09
Power Play Forward
Line #Left WingCenterRight WingPHYDFOFWanted %Time %Time Play
1Alex TuchSam ReinhartTravis Konecny1225557%3:23
2Jake GuentzelNico HischierZach Hyman1224543%2:34
Power Play Defense
Line #DefenseDefensePHYDFOFWanted %Time %Time Play
1Geoff CopsesJaccob Slavin1225545%2:39
2Alec MartinezRyan Suter1224555%3:18
Penalty Kill 4 Players Forward
Line #CenterWingPHYDFOFWanted %Time %Time Play
1Anthony CirelliEvan Rodrigues1225574%2:56
2T.J. OshieZach Hyman1224526%1:02
Penalty Kill 4 Players Defense
Line #DefenseDefensePHYDFOFWanted %Time %Time Play
1Geoff CopsesJaccob Slavin1225548%1:54
2Alec MartinezRyan Suter1224552%2:04
Penalty Kill 3 Players
Line #WingPHYDFOFWanted %Time %Time PlayDefenseDefensePHYDFOFWanted %Time %Time Play
1Colton Sissons122550%0:00 Geoff CopsesJaccob Slavin122550%0:00
2Evan Rodrigues122450%0:00 Shea TheodoreRyan Suter122450%0:00
4 vs 4 Forward
Line #CenterWingPHYDFOFWanted %Time %Time Play
1Alex TuchJake Guentzel122550%0:00
2Travis KonecnyZach Hyman122450%0:00
4 vs 4 Defense
Line #DefensePHYDFOFWanted %Time %Time Play
1Geoff CopsesJaccob Slavin122550%0:00
2Alec MartinezRyan Suter122450%0:00
Last Minutes Offensive
Left WingCenterRight WingDefenseDefense
Zach HymanSam ReinhartJake GuentzelGeoff CopsesSamuel Girard
Last Minutes Defensive
Left WingCenterRight WingDefenseDefense
Evan RodriguesAnthony CirelliT.J. OshieGeoff CopsesJaccob Slavin
Time
Total ForwardTotal DefenseLast Minutes OffensiveLast Minutes Defensive
60:00 60:00 1:140:00
Extra Forwards
Normal PowerPlayPenalty Kill
Nick Schmaltz, Anthony Cirelli, T.J. OshieNick Schmaltz, Colton SissonsT.J. Oshie
Extra Defensemen
Normal PowerPlayPenalty Kill
Samuel Girard, Shea Theodore, Alec MartinezSamuel Girard, Shea TheodoreAlec Martinez
Penalty Shots
Alex Tuch, Jake Guentzel, Travis Konecny, Zach Hyman, Sam Reinhart
Goalie
Jake Oettinger, Ville Husso
Custom OT Lines Forwards
Alex Tuch, Jake Guentzel, Travis Konecny, Zach Hyman, Sam Reinhart, Nico Hischier, Nick Schmaltz, Colton Sissons, T.J. Oshie, Ryan Johansen
Custom OT Lines Defensemen
Geoff Copses, Jaccob Slavin, Shea Theodore, Ryan Suter, Samuel Girard
Scratches
Josh Manson (Healthy), Jack Roslovic (Healthy)


Play-by-Play

1st period


0:01 of 1st period - Sam Reinhart wins face-off versus Leon Draisaitl in neutral zone.
0:28 of 1st period - Backhand shot by T.J. Oshie.
0:28 of 1st period - Shot Misses the Net.
0:30 of 1st period - Snap shot by Jaccob Slavin.
0:30 of 1st period - Shot Misses the Net.
2:07 of 1st period - Wrist shot by Reilly Smith.
2:07 of 1st period - Shot Misses the Net.
2:17 of 1st period - Samuel Girard is hit by Casey Cizikas and loses puck.
2:36 of 1st period - Snap shot by Ryan Johansen.
2:36 of 1st period - Shot Misses the Net.
2:56 of 1st period - Wrist shot by Jordan Eberle.
2:56 of 1st period - Stopped by Jake Oettinger with a rebound.
2:58 of 1st period - Snap shot by Jesse Puljujarvi.
2:58 of 1st period - Shot Misses the Net.
4:15 of 1st period - Casey Cizikas is hit by Geoff Copses and loses puck.
4:30 of 1st period - Vincent Desharnais is hit by T.J. Oshie and loses puck.
5:14 of 1st period - Jordan Eberle is hit by Anthony Cirelli.
5:51 of 1st period - Vincent Desharnais is hit by Ryan Suter and loses puck.
6:18 of 1st period - Travis Konecny is hit by Max Domi and loses puck.
6:34 of 1st period - Off-side.
6:35 of 1st period - Nick Schmaltz wins face-off versus Jesse Puljujarvi in neutral zone.
6:38 of 1st period - Jesse Puljujarvi is hit by Colton Sissons and loses puck.
6:51 of 1st period - Wrist shot by Nick Schmaltz.
6:51 of 1st period - Stopped by Stuart Skinner with a rebound.
7:09 of 1st period - Snap shot by Evan Rodrigues.
7:09 of 1st period - Stopped by Stuart Skinner with a rebound.
7:11 of 1st period - Snap shot by Samuel Girard.
7:11 of 1st period - Stopped by Stuart Skinner without a rebound.
7:12 of 1st period - Sam Reinhart wins face-off versus Max Domi in Chiefs zone.
7:39 of 1st period - Alec Martinez is hit by Casey Cizikas.
7:59 of 1st period - Snap shot by Leon Draisaitl.
7:59 of 1st period - Deflect By Dave Hunt.
7:59 of 1st period - Stopped by Jake Oettinger with a rebound.
8:01 of 1st period - Snap shot by Leon Draisaitl.
8:01 of 1st period - Stopped by Jake Oettinger with a rebound.
8:03 of 1st period - Wrist shot by Ryan Nugent-Hopkins.
8:03 of 1st period - Stopped by Jake Oettinger without a rebound.
8:04 of 1st period - Casey Cizikas wins face-off versus Zach Hyman in Gladiators zone.
8:07 of 1st period - Snap shot by Reilly Smith.
8:07 of 1st period - Stopped by Jake Oettinger without a rebound.
8:08 of 1st period - Sam Reinhart wins face-off versus Casey Cizikas in Gladiators zone.
8:39 of 1st period - Snap shot by Jake DeBrusk.
8:39 of 1st period - Shot Misses the Net.
9:39 of 1st period - Wrist shot by Reilly Smith.
9:39 of 1st period - Shot Blocked by Jaccob Slavin.
10:04 of 1st period - Slapshot by Brad Marchand.
10:04 of 1st period - Stopped by Jake Oettinger without a rebound.
10:05 of 1st period - Max Domi wins face-off versus Nick Schmaltz in Gladiators zone.
10:06 of 1st period - Wrist shot by Brad Marchand.
10:06 of 1st period - Stopped by Jake Oettinger with a rebound.
10:08 of 1st period - Snap shot by Marc-Edouard Vlasic.
10:08 of 1st period - Shot Misses the Net.
10:12 of 1st period - Snap shot by Brad Marchand.
10:12 of 1st period - Shot Misses the Net.
10:14 of 1st period - Snap shot by Marc-Edouard Vlasic.
10:14 of 1st period - Deflect By Jake DeBrusk.
10:14 of 1st period - Shot Misses the Net.
10:14 of 1st period - Puck is out of play.
10:15 of 1st period - Max Domi wins face-off versus Nick Schmaltz in Gladiators zone.
10:24 of 1st period - Slapshot by Jake DeBrusk.
10:24 of 1st period - Stopped by Jake Oettinger with a rebound.
10:36 of 1st period - Wrist shot by Jake DeBrusk.
10:36 of 1st period - Goal by Jake DeBrusk - Chiefs : 1 - Gladiators : 0.
10:37 of 1st period - Sam Reinhart wins face-off versus Leon Draisaitl in neutral zone.
10:46 of 1st period - Slapshot by Leon Draisaitl.
10:46 of 1st period - Stopped by Jake Oettinger with a rebound.
10:48 of 1st period - Wrist shot by Leon Draisaitl.
10:48 of 1st period - Shot Misses the Net.
10:50 of 1st period - Snap shot by Ryan Nugent-Hopkins.
10:50 of 1st period - Stopped by Jake Oettinger without a rebound.
10:51 of 1st period - Casey Cizikas wins face-off versus Nico Hischier in Gladiators zone.
10:54 of 1st period - Backhand shot by Frank Vatrano.
10:54 of 1st period - Stopped by Jake Oettinger with a rebound.
11:22 of 1st period - Snap shot by Zach Hyman.
11:22 of 1st period - Stopped by Stuart Skinner with a rebound.
11:24 of 1st period - Snap shot by Alex Tuch.
11:24 of 1st period - Shot Blocked by Leon Draisaitl.
11:26 of 1st period - Slapshot by Jaccob Slavin.
11:26 of 1st period - Stopped by Stuart Skinner with a rebound.
11:28 of 1st period - Wrist shot by Zach Hyman.
11:28 of 1st period - Shot Misses the Net.
11:45 of 1st period - Off-side.
11:46 of 1st period - Casey Cizikas wins face-off versus Jake Guentzel in neutral zone.
11:55 of 1st period - Snap shot by Reilly Smith.
11:55 of 1st period - Stopped by Jake Oettinger with a rebound.
11:57 of 1st period - Slapshot by Ivan Provorov.
11:57 of 1st period - Shot Misses the Net.
11:59 of 1st period - Snap shot by Reilly Smith.
11:59 of 1st period - Shot Misses the Net.
12:01 of 1st period - Snap shot by Frank Vatrano.
12:01 of 1st period - Stopped by Jake Oettinger with a rebound.
12:34 of 1st period - Slapshot by Sam Reinhart.
12:34 of 1st period - Deflect By Anthony Cirelli.
12:34 of 1st period - Shot Blocked by Brad Marchand.
12:34 of 1st period - Puck is out of play.
12:35 of 1st period - Max Domi wins face-off versus Anthony Cirelli in Chiefs zone.
12:57 of 1st period - Icing by Jake DeBrusk.
12:58 of 1st period - Jake Guentzel wins face-off versus Max Domi in Chiefs zone.
13:03 of 1st period - Wrist shot by Jake Guentzel.
13:03 of 1st period - Stopped by Stuart Skinner without a rebound.
13:04 of 1st period - Nico Hischier wins face-off versus Leon Draisaitl in Chiefs zone.
13:43 of 1st period - Backhand shot by Nico Hischier.
13:43 of 1st period - Shot Misses the Net.
14:29 of 1st period - Icing by Ryan Nugent-Hopkins.
14:30 of 1st period - Leon Draisaitl wins face-off versus Alex Tuch in Chiefs zone.
14:41 of 1st period - Slapshot by Leon Draisaitl.
14:41 of 1st period - Shot Misses the Net.
14:47 of 1st period - Slapshot by Leon Draisaitl.
14:47 of 1st period - Stopped by Jake Oettinger with a rebound.
14:49 of 1st period - Wrist shot by Leon Draisaitl.
14:49 of 1st period - Shot Blocked by Alex Tuch.
14:51 of 1st period - Slapshot by Dave Hunt.
14:51 of 1st period - Stopped by Jake Oettinger with a rebound.
14:58 of 1st period - Snap shot by Ryan Nugent-Hopkins.
14:58 of 1st period - Shot Misses the Net.
15:00 of 1st period - Slapshot by Leon Draisaitl.
15:00 of 1st period - Stopped by Jake Oettinger without a rebound.
15:01 of 1st period - Casey Cizikas wins face-off versus Nick Schmaltz in Gladiators zone.
16:13 of 1st period - Minor Penalty to Reilly Smith for Hooking.
16:14 of 1st period - Leon Draisaitl wins face-off versus Sam Reinhart in Chiefs zone.
16:22 of 1st period - Wrist shot by Leon Draisaitl.
16:22 of 1st period - Shot Blocked by Alec Martinez.
16:40 of 1st period - Ryan Suter is hit by Brad Marchand.
16:50 of 1st period - Snap shot by Nico Hischier.
16:50 of 1st period - Shot Misses the Net.
18:13 of 1st period - Penalty to Reilly Smith is over, Reilly Smith is back on ice.
18:20 of 1st period - Casey Cizikas is hit by Colton Sissons and loses puck.
18:25 of 1st period - Snap shot by Nick Schmaltz.
18:25 of 1st period - Deflect By Miro Heiskanen.
18:25 of 1st period - Stopped by Stuart Skinner with a rebound.
18:27 of 1st period - Wrist shot by Colton Sissons.
18:27 of 1st period - Shot Blocked by Vincent Desharnais.
18:33 of 1st period - Colton Sissons is hit by Reilly Smith and loses puck.
18:53 of 1st period - Shea Theodore is hit by Ivan Provorov and loses puck.
19:14 of 1st period - Backhand shot by Leon Draisaitl.
19:14 of 1st period - Stopped by Jake Oettinger without a rebound.
19:15 of 1st period - Leon Draisaitl wins face-off versus Anthony Cirelli in Gladiators zone.
19:47 of 1st period - Wrist shot by T.J. Oshie.
19:47 of 1st period - Stopped by Stuart Skinner without a rebound.
19:48 of 1st period - Max Domi wins face-off versus Sam Reinhart in Chiefs zone.
Goals for this period are 1 for Chiefs vs 0 for Gladiators.
Shots for this period are 18 for Chiefs vs 8 for Gladiators.

2nd period


0:01 of 2nd period - Leon Draisaitl wins face-off versus Sam Reinhart in neutral zone.
0:26 of 2nd period - Ivan Provorov is hit by Colton Sissons and loses puck.
1:20 of 2nd period - Minor Penalty to Ivan Provorov for Interference.
1:21 of 2nd period - Leon Draisaitl wins face-off versus Travis Konecny in Chiefs zone.
3:20 of 2nd period - Penalty to Ivan Provorov is over, Ivan Provorov is back on ice.
3:32 of 2nd period - Casey Cizikas is hit by T.J. Oshie and loses puck.
4:28 of 2nd period - Wrist shot by Leon Draisaitl.
4:28 of 2nd period - Stopped by Jake Oettinger without a rebound.
4:29 of 2nd period - Leon Draisaitl wins face-off versus Nico Hischier in Gladiators zone.
5:06 of 2nd period - Ryan Suter is hit by Jake DeBrusk and loses puck.
5:17 of 2nd period - Snap shot by Max Domi.
5:17 of 2nd period - Stopped by Jake Oettinger without a rebound.
5:18 of 2nd period - Nico Hischier wins face-off versus Leon Draisaitl in Gladiators zone.
5:18 of 2nd period - Nico Hischier is hit by Dave Hunt.
5:46 of 2nd period - Snap shot by Brad Marchand.
5:46 of 2nd period - Shot Blocked by Geoff Copses.
5:52 of 2nd period - Wrist shot by Sam Reinhart.
5:52 of 2nd period - Stopped by Stuart Skinner without a rebound.
5:53 of 2nd period - Max Domi wins face-off versus Nico Hischier in Chiefs zone.
5:53 of 2nd period - Max Domi is hit by Jaccob Slavin.
5:59 of 2nd period - Wrist shot by Jake DeBrusk.
5:59 of 2nd period - Shot Misses the Net.
6:01 of 2nd period - Snap shot by Jake DeBrusk.
6:01 of 2nd period - Shot Misses the Net.
6:03 of 2nd period - Wrist shot by Miro Heiskanen.
6:03 of 2nd period - Stopped by Jake Oettinger with a rebound.
6:53 of 2nd period - Slapshot by Nick Schmaltz.
6:53 of 2nd period - Shot Misses the Net.
7:11 of 2nd period - Snap shot by Evan Rodrigues.
7:11 of 2nd period - Deflect By Ryan Johansen.
7:11 of 2nd period - Shot Blocked by Jake DeBrusk.
7:11 of 2nd period - Puck is out of play.
7:12 of 2nd period - Leon Draisaitl wins face-off versus Sam Reinhart in Chiefs zone.
7:29 of 2nd period - Slapshot by Alex Tuch.
7:29 of 2nd period - Stopped by Stuart Skinner without a rebound.
7:30 of 2nd period - Casey Cizikas wins face-off versus Nico Hischier in Chiefs zone.
7:37 of 2nd period - Wrist shot by Nico Hischier.
7:37 of 2nd period - Shot Hit the Post.
7:47 of 2nd period - Wrist shot by Jake Guentzel.
7:47 of 2nd period - Deflect By Nico Hischier.
7:47 of 2nd period - Shot Blocked by Casey Cizikas.
7:47 of 2nd period - Puck is out of play.
7:48 of 2nd period - Leon Draisaitl wins face-off versus Alex Tuch in Chiefs zone.
8:05 of 2nd period - Snap shot by Sam Reinhart.
8:05 of 2nd period - Stopped by Stuart Skinner without a rebound.
8:06 of 2nd period - Max Domi wins face-off versus Colton Sissons in Chiefs zone.
8:32 of 2nd period - Ryan Nugent-Hopkins is hit by Sam Reinhart and loses puck.
8:59 of 2nd period - Travis Konecny is hit by Reilly Smith and loses puck.
9:20 of 2nd period - Wrist shot by Max Domi.
9:20 of 2nd period - Shot Misses the Net.
9:36 of 2nd period - Snap shot by T.J. Oshie.
9:36 of 2nd period - Deflect By Nick Schmaltz.
9:36 of 2nd period - Shot Misses the Net.
9:36 of 2nd period - Puck is out of play.
9:37 of 2nd period - Leon Draisaitl wins face-off versus Nick Schmaltz in Chiefs zone.
10:08 of 2nd period - Slapshot by T.J. Oshie.
10:08 of 2nd period - Shot Misses the Net.
10:10 of 2nd period - Wrist shot by T.J. Oshie.
10:10 of 2nd period - Stopped by Stuart Skinner with a rebound.
10:12 of 2nd period - Wrist shot by T.J. Oshie.
10:12 of 2nd period - Stopped by Stuart Skinner without a rebound.
10:13 of 2nd period - Sam Reinhart wins face-off versus Leon Draisaitl in Chiefs zone.
10:14 of 2nd period - Wrist shot by Alex Tuch.
10:14 of 2nd period - Shot Misses the Net.
11:04 of 2nd period - Reilly Smith is hit by Ryan Suter and loses puck.
11:58 of 2nd period - Minor Penalty to Travis Konecny for Hooking.
11:59 of 2nd period - Anthony Cirelli wins face-off versus Ryan Nugent-Hopkins in Gladiators zone.
12:16 of 2nd period - Icing by Dave Hunt.
12:17 of 2nd period - Ryan Nugent-Hopkins wins face-off versus Anthony Cirelli in Chiefs zone.
12:24 of 2nd period - Slapshot by Miro Heiskanen.
12:24 of 2nd period - Shot Blocked by Geoff Copses.
12:48 of 2nd period - Snap shot by Dave Hunt.
12:48 of 2nd period - Shot Blocked by Zach Hyman.
13:14 of 2nd period - Slapshot by Dave Hunt.
13:14 of 2nd period - Stopped by Jake Oettinger with a rebound.
13:16 of 2nd period - Wrist shot by Leon Draisaitl.
13:16 of 2nd period - Shot Blocked by Alec Martinez.
13:52 of 2nd period - Wrist shot by Dave Hunt.
13:52 of 2nd period - Stopped by Jake Oettinger without a rebound.
13:53 of 2nd period - T.J. Oshie wins face-off versus Brad Marchand in Gladiators zone.
13:58 of 2nd period - Penalty to Travis Konecny is over, Travis Konecny is back on ice.
14:11 of 2nd period - Icing by Geoff Copses.
14:12 of 2nd period - Travis Konecny wins face-off versus Casey Cizikas in Gladiators zone.
14:16 of 2nd period - Jaccob Slavin is hit by Reilly Smith and loses puck.
14:27 of 2nd period - Wrist shot by Reilly Smith.
14:27 of 2nd period - Shot Blocked by Jaccob Slavin.
15:02 of 2nd period - Brad Marchand is hit by Ryan Johansen and loses puck.
15:46 of 2nd period - Wrist shot by Sam Reinhart.
15:46 of 2nd period - Stopped by Stuart Skinner without a rebound.
15:47 of 2nd period - Anthony Cirelli wins face-off versus Max Domi in Chiefs zone.
15:52 of 2nd period - Snap shot by Evan Rodrigues.
15:52 of 2nd period - Stopped by Stuart Skinner without a rebound.
15:53 of 2nd period - Max Domi wins face-off versus Anthony Cirelli in Chiefs zone.
16:02 of 2nd period - Snap shot by Jake DeBrusk.
16:02 of 2nd period - Shot Blocked by Ryan Johansen.
16:04 of 2nd period - Snap shot by Max Domi.
16:04 of 2nd period - Stopped by Jake Oettinger without a rebound.
16:05 of 2nd period - Leon Draisaitl wins face-off versus Sam Reinhart in Gladiators zone.
17:46 of 2nd period - Wrist shot by Reilly Smith.
17:46 of 2nd period - Stopped by Jake Oettinger without a rebound.
17:47 of 2nd period - Dave Hunt wins face-off versus Nick Schmaltz in Gladiators zone.
18:46 of 2nd period - Slapshot by Max Domi.
18:46 of 2nd period - Deflect By Jake DeBrusk.
18:46 of 2nd period - Stopped by Jake Oettinger with a rebound.
18:52 of 2nd period - Minor Penalty to Anthony Cirelli for Interference.
18:53 of 2nd period - Leon Draisaitl wins face-off versus T.J. Oshie in Gladiators zone.
19:15 of 2nd period - Icing by Ryan Nugent-Hopkins.
19:16 of 2nd period - Leon Draisaitl wins face-off versus Evan Rodrigues in Chiefs zone.
19:21 of 2nd period - Ryan Suter is hit by Ivan Provorov and loses puck.
19:36 of 2nd period - T.J. Oshie is hit by Leon Draisaitl and loses puck.
Goals for this period are 0 for Chiefs vs 0 for Gladiators.
Shots for this period are 8 for Chiefs vs 7 for Gladiators.

3rd period


0:01 of 3rd period - Leon Draisaitl wins face-off versus T.J. Oshie in neutral zone.
0:32 of 3rd period - Jake DeBrusk is hit by Ryan Suter and loses puck.
0:52 of 3rd period - Penalty to Anthony Cirelli is over, Anthony Cirelli is back on ice.
1:07 of 3rd period - Snap shot by Zach Hyman.
1:07 of 3rd period - Stopped by Stuart Skinner with a rebound.
1:09 of 3rd period - Slapshot by Alec Martinez.
1:09 of 3rd period - Stopped by Stuart Skinner with a rebound.
1:11 of 3rd period - Slapshot by Alec Martinez.
1:11 of 3rd period - Shot Blocked by Dave Hunt.
1:13 of 3rd period - Snap shot by Alec Martinez.
1:13 of 3rd period - Stopped by Stuart Skinner without a rebound.
1:14 of 3rd period - Casey Cizikas wins face-off versus Nico Hischier in Chiefs zone.
1:14 of 3rd period - Casey Cizikas is hit by Geoff Copses.
1:40 of 3rd period - Nick Schmaltz is hit by Brad Marchand and loses puck.
1:51 of 3rd period - Snap shot by Nick Schmaltz.
1:51 of 3rd period - Shot Misses the Net.
2:01 of 3rd period - Snap shot by Sam Reinhart.
2:01 of 3rd period - Stopped by Stuart Skinner without a rebound.
2:02 of 3rd period - Leon Draisaitl wins face-off versus Sam Reinhart in Chiefs zone.
2:43 of 3rd period - Off-side.
2:44 of 3rd period - Max Domi wins face-off versus T.J. Oshie in neutral zone.
2:51 of 3rd period - Snap shot by Brad Marchand.
2:51 of 3rd period - Stopped by Jake Oettinger with a rebound.
3:03 of 3rd period - Jake Muzzin is hit by Jaccob Slavin and loses puck.
3:37 of 3rd period - Icing by Jake Muzzin.
3:38 of 3rd period - Casey Cizikas wins face-off versus Anthony Cirelli in Chiefs zone.
4:42 of 3rd period - Wrist shot by T.J. Oshie.
4:42 of 3rd period - Stopped by Stuart Skinner without a rebound.
4:43 of 3rd period - Nico Hischier wins face-off versus Casey Cizikas in Chiefs zone.
5:10 of 3rd period - Zach Hyman is hit by Ryan Nugent-Hopkins and loses puck.
5:34 of 3rd period - Wrist shot by Ryan Johansen.
5:34 of 3rd period - Stopped by Stuart Skinner with a rebound.
5:36 of 3rd period - Slapshot by Geoff Copses.
5:36 of 3rd period - Deflect By Brad Marchand.
5:36 of 3rd period - Stopped by Stuart Skinner without a rebound.
5:37 of 3rd period - Max Domi wins face-off versus Anthony Cirelli in Chiefs zone.
5:42 of 3rd period - Geoff Copses is hit by Max Domi and loses puck.
6:16 of 3rd period - Wrist shot by Brad Marchand.
6:16 of 3rd period - Shot Misses the Net.
6:27 of 3rd period - Off-side.
6:28 of 3rd period - Leon Draisaitl wins face-off versus Sam Reinhart in neutral zone.
6:32 of 3rd period - Slapshot by Vincent Desharnais.
6:32 of 3rd period - Shot Misses the Net.
6:34 of 3rd period - Snap shot by Vincent Desharnais.
6:34 of 3rd period - Shot Blocked by Zach Hyman.
6:39 of 3rd period - Geoff Copses and Dave Hunt fight to a draw.
6:39 of 3rd period - Penalty to Geoff Copses for Fighting.
6:39 of 3rd period - Penalty to Dave Hunt for Fighting.
6:40 of 3rd period - Sam Reinhart wins face-off versus Leon Draisaitl in Gladiators zone.
7:10 of 3rd period - T.J. Oshie is hit by Reilly Smith and loses puck.
7:20 of 3rd period - Icing by Marc-Edouard Vlasic.
7:21 of 3rd period - Casey Cizikas wins face-off versus Nico Hischier in Chiefs zone.
7:48 of 3rd period - Marc-Edouard Vlasic is hit by T.J. Oshie and loses puck.
7:57 of 3rd period - Slapshot by Nick Schmaltz.
7:57 of 3rd period - Shot Blocked by Jesse Puljujarvi.
7:59 of 3rd period - Snap shot by T.J. Oshie.
7:59 of 3rd period - Shot Misses the Net.
8:13 of 3rd period - Snap shot by Brad Marchand.
8:13 of 3rd period - Stopped by Jake Oettinger without a rebound.
8:14 of 3rd period - Nico Hischier wins face-off versus Max Domi in Gladiators zone.
8:14 of 3rd period - Nico Hischier is hit by Max Domi.
8:28 of 3rd period - Snap shot by Jake DeBrusk.
8:28 of 3rd period - Stopped by Jake Oettinger with a rebound.
8:42 of 3rd period - Ivan Provorov is hit by Colton Sissons and loses puck.
9:01 of 3rd period - Wrist shot by Max Domi.
9:01 of 3rd period - Stopped by Jake Oettinger with a rebound.
9:48 of 3rd period - Jaccob Slavin is hit by Brad Marchand.
10:02 of 3rd period - Snap shot by Jake DeBrusk.
10:02 of 3rd period - Shot Misses the Net.
10:16 of 3rd period - Snap shot by T.J. Oshie.
10:16 of 3rd period - Goal by T.J. Oshie - Chiefs : 1 - Gladiators : 1.
10:17 of 3rd period - Leon Draisaitl wins face-off versus Sam Reinhart in neutral zone.
10:28 of 3rd period - Snap shot by Leon Draisaitl.
10:28 of 3rd period - Stopped by Jake Oettinger with a rebound.
10:30 of 3rd period - Backhand shot by Miro Heiskanen.
10:30 of 3rd period - Shot Misses the Net.
10:32 of 3rd period - Wrist shot by Ryan Nugent-Hopkins.
10:32 of 3rd period - Stopped by Jake Oettinger with a rebound.
10:34 of 3rd period - Snap shot by Leon Draisaitl.
10:34 of 3rd period - Stopped by Jake Oettinger without a rebound.
10:35 of 3rd period - Casey Cizikas wins face-off versus Nico Hischier in Gladiators zone.
10:42 of 3rd period - Snap shot by Reilly Smith.
10:42 of 3rd period - Goal by Reilly Smith - Chiefs : 2 - Gladiators : 1.
10:43 of 3rd period - Leon Draisaitl wins face-off versus Sam Reinhart in neutral zone.
11:23 of 3rd period - Wrist shot by Leon Draisaitl.
11:23 of 3rd period - Deflect By Ryan Nugent-Hopkins.
11:23 of 3rd period - Shot Misses the Net.
11:23 of 3rd period - Puck is out of play.
11:24 of 3rd period - Nico Hischier wins face-off versus Casey Cizikas in Gladiators zone.
11:49 of 3rd period - Alex Tuch is hit by Brad Marchand and loses puck.
12:32 of 3rd period - Wrist shot by Anthony Cirelli.
12:32 of 3rd period - Deflect By Ryan Johansen.
12:32 of 3rd period - Shot Blocked by Jake Muzzin.
12:32 of 3rd period - Puck is out of play.
12:33 of 3rd period - Casey Cizikas wins face-off versus Anthony Cirelli in Chiefs zone.
12:40 of 3rd period - Slapshot by Anthony Cirelli.
12:40 of 3rd period - Stopped by Stuart Skinner with a rebound.
12:45 of 3rd period - Minor Penalty to Marc-Edouard Vlasic for High sticking.
12:46 of 3rd period - Sam Reinhart wins face-off versus Leon Draisaitl in Chiefs zone.
12:53 of 3rd period - Snap shot by Geoff Copses.
12:53 of 3rd period - Shot Blocked by Ivan Provorov.
12:55 of 3rd period - Slapshot by Jaccob Slavin.
12:55 of 3rd period - Deflect By Travis Konecny.
12:55 of 3rd period - Shot Misses the Net.
12:55 of 3rd period - Puck is out of play.
12:56 of 3rd period - Sam Reinhart wins face-off versus Leon Draisaitl in Chiefs zone.
13:40 of 3rd period - Snap shot by Alex Tuch.
13:40 of 3rd period - Shot Misses the Net.
13:42 of 3rd period - Slapshot by Alex Tuch.
13:42 of 3rd period - Shot Misses the Net.
13:44 of 3rd period - Slapshot by Alex Tuch.
13:44 of 3rd period - Shot Misses the Net.
13:46 of 3rd period - Wrist shot by Geoff Copses.
13:46 of 3rd period - Deflect By Ryan Nugent-Hopkins.
13:46 of 3rd period - Stopped by Stuart Skinner without a rebound.
13:47 of 3rd period - Nico Hischier wins face-off versus Dave Hunt in Chiefs zone.
13:50 of 3rd period - Backhand shot by Jake Guentzel.
13:50 of 3rd period - Shot Misses the Net.
13:52 of 3rd period - Wrist shot by Jake Guentzel.
13:52 of 3rd period - Stopped by Stuart Skinner without a rebound.
13:53 of 3rd period - Nico Hischier wins face-off versus Dave Hunt in Chiefs zone.
14:45 of 3rd period - Penalty to Marc-Edouard Vlasic is over, Marc-Edouard Vlasic is back on ice.
15:20 of 3rd period - Slapshot by Ryan Johansen.
15:20 of 3rd period - Deflect By Anthony Cirelli.
15:20 of 3rd period - Stopped by Stuart Skinner without a rebound.
15:21 of 3rd period - Nick Schmaltz wins face-off versus Reilly Smith in Chiefs zone.
15:28 of 3rd period - Wrist shot by T.J. Oshie.
15:28 of 3rd period - Shot Misses the Net.
15:30 of 3rd period - Slapshot by Ryan Suter.
15:30 of 3rd period - Shot Blocked by Ivan Provorov.
15:32 of 3rd period - Slapshot by Samuel Girard.
15:32 of 3rd period - Shot Blocked by Jake Muzzin.
15:38 of 3rd period - Snap shot by T.J. Oshie.
15:38 of 3rd period - Stopped by Stuart Skinner without a rebound.
15:39 of 3rd period - Leon Draisaitl wins face-off versus Anthony Cirelli in Chiefs zone.
16:11 of 3rd period - Backhand shot by Jaccob Slavin.
16:11 of 3rd period - Stopped by Stuart Skinner with a rebound.
16:29 of 3rd period - Wrist shot by Zach Hyman.
16:29 of 3rd period - Stopped by Stuart Skinner without a rebound.
16:30 of 3rd period - Leon Draisaitl wins face-off versus Sam Reinhart in Chiefs zone.
16:30 of 3rd period - Leon Draisaitl is hit by Zach Hyman.
16:49 of 3rd period - Wrist shot by Sam Reinhart.
16:49 of 3rd period - Shot Blocked by Vincent Desharnais.
16:57 of 3rd period - Wrist shot by Zach Hyman.
16:57 of 3rd period - Stopped by Stuart Skinner with a rebound.
16:59 of 3rd period - Slapshot by Samuel Girard.
16:59 of 3rd period - Shot Blocked by Vincent Desharnais.
17:01 of 3rd period - Wrist shot by Sam Reinhart.
17:01 of 3rd period - Stopped by Stuart Skinner without a rebound.
17:02 of 3rd period - Casey Cizikas wins face-off versus Nick Schmaltz in Chiefs zone.
17:02 of 3rd period - Casey Cizikas is hit by T.J. Oshie.
17:16 of 3rd period - Snap shot by Reilly Smith.
17:16 of 3rd period - Deflect By Frank Vatrano.
17:16 of 3rd period - Stopped by Jake Oettinger without a rebound.
17:17 of 3rd period - Leon Draisaitl wins face-off versus Anthony Cirelli in Gladiators zone.
17:24 of 3rd period - Snap shot by Leon Draisaitl.
17:24 of 3rd period - Stopped by Jake Oettinger without a rebound.
17:25 of 3rd period - Leon Draisaitl wins face-off versus Anthony Cirelli in Gladiators zone.
17:57 of 3rd period - Wrist shot by Leon Draisaitl.
17:57 of 3rd period - Shot Blocked by Anthony Cirelli.
17:59 of 3rd period - Wrist shot by Marc-Edouard Vlasic.
17:59 of 3rd period - Deflect By Geoff Copses.
17:59 of 3rd period - Stopped by Jake Oettinger without a rebound.
18:00 of 3rd period - Casey Cizikas wins face-off versus Nick Schmaltz in Gladiators zone.
18:01 of 3rd period - Snap shot by Frank Vatrano.
18:01 of 3rd period - Stopped by Jake Oettinger with a rebound.
18:21 of 3rd period - Vincent Desharnais is hit by Samuel Girard and loses puck.
18:38 of 3rd period - Gladiators, Jake Oettinger is pulled from the net.
18:42 of 3rd period - Snap shot by Sam Reinhart.
18:42 of 3rd period - Shot Misses the Net.
18:58 of 3rd period - Slapshot by Geoff Copses.
18:58 of 3rd period - Deflect By Sam Reinhart.
18:58 of 3rd period - Stopped by Stuart Skinner with a rebound.
19:09 of 3rd period - Wrist shot by Dave Hunt.
19:09 of 3rd period - Shot Blocked by Geoff Copses.
19:11 of 3rd period - Slapshot by Vincent Desharnais.
19:11 of 3rd period - Shot Misses the Net.
19:13 of 3rd period - Slapshot by Brandon Davidson.
19:13 of 3rd period - Shot Blocked by Shea Theodore.
19:41 of 3rd period - Leon Draisaitl is hit by Shea Theodore and loses puck.
Goals for this period are 1 for Chiefs vs 1 for Gladiators.
Shots for this period are 12 for Chiefs vs 18 for Gladiators.